 Dungeon Crawl Stone Soup version 0.30.0-10-gfe55d96785 (webtiles) character file.

Game seed: 388345631551105083

502 cheesebisquit the Caller (level 7, 0/46 HPs)
             Began as a Merfolk Summoner on May 15, 2023.
             Slain by an orc warrior
             ... wielding a +0 short sword
              (8 damage)
             ... on level 5 of the Dungeon.
             The game lasted 00:22:18 (5901 turns).

cheesebisquit the Caller (Merfolk Summoner)         Turns: 5901, Time: 00:22:19

Health: 0/46       AC:  3    Str:  8    XL:     7   Next: 17%
Magic:  10/14      EV: 12    Int: 17    God:
Gold:   156        SH:  0    Dex: 14    Spells: 7/16 levels left

rFire   . . .        h - +4 spear
rCold   . . .        (no shield)
rNeg    . . .        a - +0 robe
rPois   .            (no helmet)
rElec   .            (no cloak)
rCorr   .            (no gloves)
SInv    .            i - +0 pair of boots
Will    .....        (no amulet)
Stlth   ++           (no ring)
HPRegen 0.27/turn    (no ring)
MPRegen 0.14/turn

%: no passive effects
@: no status effects
A: (nimble swimmer 2), mertail
a: no special abilities


You were on level 5 of the Dungeon.
You visited 2 branches of the dungeon, and saw 6 of its levels.

You collected 276 gold pieces.
You spent 120 gold pieces at shops.

Inventory:

Hand Weapons
 h - a +4 spear (weapon)
 u - a +0 bardiche
 A - a +2 flail of holy wrath
 B - a +0 morningstar
Missiles
 l - 10 poisoned darts
 m - 12 boomerangs
 s - 5 atropa-tipped darts
Armour
 a - a +0 robe (worn)
 i - a +0 pair of boots (worn)
Magical Staves
 j - the staff of fire "Gofeotra" {rF+ rC+ rN+ Stlth+}
   (You found it on level 2 of the Dungeon)

   [staff of fire]

   Base accuracy: +5 Base damage: 5 Base attack delay: 1.2 This weapon's minimum
   attack delay (0.6) is reached at skill level 12.
   rF:        It protects you from fire.
   rC:        It protects you from cold.
   rN:        It protects you from negative energy.
   Stlth:     It makes you more stealthy.
   It falls into the 'Staves' category.
   It is a one-handed weapon.
Jewellery
 e - an amulet of guardian spirit
 w - a +4 ring of protection
Wands
 v - a wand of digging (3)
Scrolls
 c - a scroll of vulnerability
 f - a scroll of poison
 k - 3 scrolls of amnesia
 n - a scroll of summoning {unknown}
 r - a scroll of noise {unknown}
 x - a scroll of fear {unknown}
 y - a scroll of teleportation {unknown}
Potions
 b - 2 potions of magic
 d - 3 potions of curing
 g - a potion of invisibility
 o - 2 potions of might
 p - a potion of ambrosia
 t - 2 potions of resistance
 z - a potion of flight


   Skills:
 - Level 2.6 Dodging
 - Level 2.1 Stealth
 + Level 5.1 Spellcasting
 + Level 6.5 Summonings


You had 7 spell levels left.
You knew the following spells:

 Your Spells              Type           Power      Damage    Failure   Level
a - Summon Small Mammal   Summ           100%       N/A       1%          1
b - Call Imp              Summ           52%        N/A       1%          2
c - Call Canine Familiar  Summ           26%        N/A       2%          3
d - Summon Guardian Gole  Hex/Summ       15%        N/A       11%         3

Your spell library contained the following spells:

 Spells                   Type           Power      Damage    Failure   Level
 Cigotuvi's Dreadful Rot  Necr/Pois/Air  8%         N/A       22%         2
 Summon Lightning Spire   Summ/Air       15%        N/A       36%         4
 Gell's Gravitas          Tloc           4%         N/A       38%         3
 Ignite Poison            Fire/Tmut/Pois 4%         N/A       38%         3
 Teleport Other           Tloc           4%         N/A       38%         3
 Dispel Undead            Necr           4%         3d7       80%         4
 Freezing Cloud           Conj/Ice/Air   2%         6-21      98%         5
 Death Channel            Necr           2%         N/A       100%        6
 Dispersal                Tloc           2%         N/A       100%        6


Dungeon Overview and Level Annotations

Branches:
Dungeon (5/15)             Temple (1/1) D:4

Altars:
Cheibriados
Gozag
Okawaru
Ru
Sif Muna
Wu Jian

Shops:
D:5 ?


Innate Abilities, Weirdness & Mutations

((You are very nimble when in or above water. (Stealth+, EV+, Speed+++)))
Your lower body shifts to a powerful aquatic tail in water.


Message History

The orc closely misses your quokka. The orc warrior barely misses you.
You hit the orc warrior but do no damage.
The orc warrior is heavily wounded.
Your quokka completely misses the orc.
Your cerulean imp hits the orc warrior but does no damage.
Your quokka bites the orc warrior but does no damage.
Your quokka barely misses the orc.
The orc barely misses your quokka. The orc warrior barely misses you.
You closely miss the orc warrior.
The orc warrior is heavily wounded.
Your cerulean imp closely misses the orc warrior.
Your quokka bites the orc warrior but does no damage.
Your quokka closely misses the orc.
The orc misses your quokka.
The orc warrior hits you with a +0 short sword!
You barely miss the orc warrior.
The orc warrior is heavily wounded.
Your quokka bites the orc warrior but does no damage.
Your cerulean imp hits the orc warrior but does no damage.
Your quokka bites the orc.
The orc hits your quokka with a +0 short sword.
The orc warrior hits your cerulean imp with a +0 short sword!
Your quokka barely misses the orc warrior.
Your cerulean imp hits the orc warrior but does no damage.
You closely miss the orc warrior.
The orc warrior is heavily wounded.
Your quokka closely misses the orc.
Your quokka closely misses the orc warrior.
The orc hits your quokka with a +0 short sword.
Your quokka dies!
Your quokka's corpse disappears in a puff of smoke!
The orc warrior hits you with a +0 short sword!
* * * LOW HITPOINT WARNING * * *
Your cerulean imp hits the orc warrior with a -2 spear.
You are too injured to fight recklessly!
Casting: Summon Small Mammal (safe; 1% risk of failure)
Press: ? - help, Q - select action, (/) - cycle Dir - look around, f - activate Your quokka barely misses the orc warrior.
The orc closely misses your rat.
The orc warrior hits you with a +0 short sword!
You die...

...#.# #......##.#..##.#..######.
.....###......##.#..##........##.
..............##.#..##.#.........
...#.####.######.#..##.#..###.#.#
...#.####.## #.#..##.#.........
............ ..#.......####.###
...######### #.#..##.### #.# ...#
#.#..##.# #.#
...#############@#.....# ###
...............5or..####
...#############r##.# ...# #o##.#
...###### #.#### ........# #.#
#.####### #.# ### ###


You could see an orc warrior (ally target), an orc, a friendly cerulean imp
(summoned), a friendly quokka (summoned) and a friendly rat (summoned).

Vanquished Creatures
  A water moccasin (D:5)
  A sleepcap (D:5)
  2 adders
  8 orcs
  A goblin (D:3)
  A quokka (D:1)
  A ball python (D:3)
  2 bats
  A frilled lizard (D:3)
  2 kobolds (D:2)
  2 rats
22 creatures vanquished.

Vanquished Creatures (collateral kills)
  Sigmund (D:4)
  An orc priest (D:5)
  An iguana (D:4)
  An orc wizard (D:3)
  3 adders
  2 worms
  2 dart slugs
  7 orcs
  2 bats
  4 endoplasms
  6 goblins
  4 hobgoblins
  2 jackals (D:1)
  6 kobolds
  4 quokkas
  5 ball pythons
  3 frilled lizards
  3 rats (D:1)
57 creatures vanquished.

Grand Total: 79 creatures vanquished

Notes
Turn   | Place    | Note
-------+----------+-------------------------------------------
     0 | D:1      | cheesebisquit the Merfolk Summoner began the quest for the
                  | Orb.
     0 | D:1      | Reached XP level 1. HP: 13/13 MP: 3/3
   367 | D:1      | Reached XP level 2. HP: 17/19 MP: 0/5
   828 | D:1      | Found a faded altar of an unknown god.
  1023 | D:1      | Reached XP level 3. HP: 24/24 MP: 3/6
  1281 | D:2      | Learned a level 2 spell: Call Imp
  1285 | D:2      | Learned a level 3 spell: Call Canine Familiar
  1425 | D:2      | Identified the staff of fire "Gofeotra" {rF+ rC+ rN+
                  | Stlth+}
  1763 | D:2      | Reached XP level 4. HP: 21/30 MP: 3/8
  1997 | D:2      | You fall into a shaft and drop 2 floors!
  2180 | D:3      | Reached skill level 5 in Summonings
  2218 | D:3      | Learned a level 3 spell: Summon Guardian Golem
  2352 | D:3      | Reached XP level 5. HP: 10/35 MP: 3/10
  4487 | D:4      | Noticed Sigmund
  4487 | D:4      | Found a staircase to the Ecumenical Temple.
  5093 | D:4      | Killed Sigmund
  5094 | D:4      | Reached skill level 6 in Summonings
  5094 | D:4      | Reached XP level 6. HP: 41/41 MP: 6/12
  5416 | Temple   | Entered the Ecumenical Temple
  5447 | D:5      | Entered Level 5 of the Dungeon
  5640 | D:5      | Noticed a water moccasin
  5672 | D:5      | Killed a water moccasin
  5673 | D:5      | Reached skill level 5 in Spellcasting
  5673 | D:5      | Reached XP level 7. HP: 9/46 MP: 4/14
  5818 | D:5      | Found Ron Fin's Magic Scroll Shop.
  5822 | D:5      | Bought a scroll of identify for 24 gold pieces
  5822 | D:5      | Bought a scroll of identify for 24 gold pieces
  5822 | D:5      | Bought a scroll of identify for 24 gold pieces
  5822 | D:5      | Bought a scroll of identify for 24 gold pieces
  5822 | D:5      | Bought a scroll of identify for 24 gold pieces
  5901 | D:5      | Slain by an orc warrior

Illustrated notes

Levels and vault maps discovered:
D:1:      dpeg_arrival_rooms_c, layout_loops_ring, serial_forest,
          infiniplex_forest_join, infiniplex_forest_lined_3,
          infiniplex_forest_clump_large, infiniplex_forest_end_2,
          infiniplex_forest_clump_double, infiniplex_forest_lined_room_2,
          infiniplex_forest_clump_large,
          shapermc_ecumenical_altar_mp_ritualfount
D:2:      layout_basic
D:3:      layout_basic, serial_park_tiny_1, hangedman_decor_slide_cut
D:4:      layout_rooms, minmay_temple_entry_statues_fountains, uniq_sigmund
D:5:      layout_basic, eat_drink_and_be_merry_uskayaw, serial_shops,
          nicolae_square_shop, shop, uniq_prince_ribbit1
Temple:   hellmonk_temple_micro_hex

Skill      XL: |  1  2  3  4  5  6 |
---------------+-------------------+-----
Spellcasting   | 3 4 5 |  5.1
Summonings     | 5 6 |  6.5
Dodging        | |  2.6
Stealth        | |  2.1

Action                     |  1- 3 |  4- 6 |  7- 9 || total
---------------------------+-------+-------+-------++-------
  Melee: Unarmed           |    46 |       |       ||    46
         Punch             |     1 |       |       ||     1
         Spear             |    13 |    78 |    12 ||   103
   Cast: Summon Small Mamm |    59 |    71 |     5 ||   135
         Call Imp          |     6 |    25 |     1 ||    32
         Call Canine Famil |       |     1 |       ||     1
    Use: Potion            |       |     3 |       ||     3
         Scroll            |       |       |     8 ||     8
   Stab: Distracted        |     1 |     1 |       ||     2
 Armour: Robe              |    16 |    19 |     1 ||    36
  Dodge: Dodged            |    75 |    39 |     7 ||   121
